 Dungeon Crawl Stone Soup version 0.29-a0-598-gd8304a5bf4 (webtiles) character file.

Game seed: 8010948165644796769

91 spaghetti the Covered (level 4, -3/41 HPs)
             Began as a Gnoll Wanderer on June 15, 2022.
             Slain by an iron imp (9 damage)
             ... on level 3 of the Dungeon.
             The game lasted 00:03:48 (2408 turns).

spaghetti the Covered (Gnoll Wanderer)              Turns: 2408, Time: 00:03:48

Health: -3/41      AC:  5    Str: 14    XL:     4   Next: 59%
Magic:  5/5        EV: 12    Int: 11    God:
Gold:   162        SH:  0    Dex: 11    Spells: 5/5 levels left

rFire   . . .      SeeInvis .   a - +3 spear {polearm}
rCold   . . .      Faith    .   (no shield)
rNeg    . . .      Spirit   .   d - +0 leather armour
rPois   .          Reflect  .   l - +0 helmet
rElec   .          Harm     .   (no cloak)
rCorr   .          Rampage  .   (no gloves)
Will    .....                   (no boots)
Stlth   +.........              (no amulet)
HPRegen 0.13/turn               (no ring)
MPRegen 0.09/turn               (no ring)

@: attractive
A: fangs 1, strong nose, distributed training
a: no special abilities


You were on level 3 of the Dungeon.
You visited 1 branch of the dungeon, and saw 3 of its levels.

You collected 162 gold pieces.


Innate Abilities, Weirdness & Mutations

You have very sharp teeth.
Your uncanny sense of smell can sniff out nearby items.
Your experience applies equally to all skills.


   Skills:
 + Level 6.6 Fighting
 + Level 1.2 Short Blades
 + Level 1.2 Long Blades
 + Level 1.2 Axes
 + Level 1.2 Maces & Flails
 + Level 4.6 Polearms
 + Level 1.2 Staves
 + Level 1.2 Slings
 + Level 2.8 Bows
 + Level 1.2 Crossbows
 + Level 1.2 Throwing
 + Level 6.6 Armour
 + Level 2.8 Dodging
 + Level 1.2 Stealth
 + Level 1.2 Shields
 + Level 1.2 Unarmed Combat
 + Level 1.2 Spellcasting
 + Level 1.0 Conjurations
 + Level 1.0 Hexes
 + Level 1.0 Summonings
 + Level 1.0 Necromancy
 + Level 1.0 Translocations
 + Level 1.0 Transmutations
 + Level 1.0 Fire Magic
 + Level 1.0 Ice Magic
 + Level 1.0 Air Magic
 + Level 1.0 Earth Magic
 + Level 1.0 Poison Magic
 + Level 1.3 Invocations
 + Level 1.2 Evocations


You had 5 spell levels left.
You didn't know any spells.
Your spell library contained the following spells:

 Spells                   Type           Power      Damage    Failure   Level
 Freeze                   Ice            8%         1d3       26%         1
 Static Discharge         Conj/Air       2%         N/A       36%         2
 Call Canine Familiar     Summ           2%         N/A       61%         3
 Dazzling Flash           Conj/Hex       4%         N/A       61%         3
 Frozen Ramparts          Ice            4%         1d2       61%         3
 Portal Projectile        Hex/Tloc       4%         N/A       61%         3
 Hailstorm                Conj/Ice       2%         3d3       95%         4
 Leda's Liquefaction      Hex/Erth       1%         N/A       95%         4
 Agony                    Necr           2%         N/A       100%        5
 Lightning Bolt           Conj/Air       1%         1d12      100%        5
 Silence                  Hex/Air        1%         N/A       100%        5
 Maxwell's Capacitive Co  Air            1%         ∞         100%        8

Inventory:

Hand Weapons
 a - a +3 spear (weapon) {polearm}
 b - a +0 shortbow {bow}
Missiles
 o - 4 poisoned darts (quivered) {throwing}
Armour
 d - a +0 leather armour (worn)
 l - a +0 helmet (worn)
   (You found it on level 1 of the Dungeon)
Wands
 n - a wand of polymorph (14)
   (You found it on level 2 of the Dungeon)
Scrolls
 e - 4 scrolls of teleportation {unknown}
 i - a scroll of blinking {!r}
 m - a scroll of enchant weapon {unknown}
Potions
 c - a potion of haste {@q3}
 j - a potion of flight {unknown}
 p - a potion of berserk rage {unknown}
 q - a potion of cancellation {unknown}
 r - 3 potions of curing {unknown}
 s - a potion of mutation {unknown}

Dungeon Overview and Level Annotations

Branches:
Dungeon (3/15) Zot: 15606

Altars:
Makhleb

Shops:
D:3

[ .....# ####.# ..##'##
#.##.....≈≈......
###8.8######.##$._...8§....#
##.....##....##.....§§.....#
#8.....8##...##....§≈≈.....#
.........##.>.#[...§§§.....#
.........8#..##5≈§§§.......#
..........'..##5≈§≈§.......######
.........8#..##5@§§..............
.........##..##############).....
#8.....8##..........##..#........
##.....##...............#........
##8.8#######.......###..........
####'########....##..............
#................##..............
#..........................######
#..........................# #...


You could see 3 iron imps.


Message History

No target in view!
No target in view!
No target in view!
No target in view!
No target in view!
No target in view!
No target in view!
You now have 162 gold pieces (gained 15).
Things that are here:
a +0 whip {mace}; a kobold corpse
s - a white potion Key pressed, stopping explore.
You see here a +0 trident {polearm}.
r - 3 green potions (gained 1)
An iron imp comes into view.
No reachable target in view!
An iron imp is nearby!
An iron imp is nearby!
An iron imp is nearby!
An iron imp is nearby!
No reachable target in view!
No reachable target in view!
No reachable target in view!
No reachable target in view!
No reachable target in view!
No reachable target in view!
No reachable target in view!
No reachable target in view! 2 iron imps come into view.
Found a burning altar of Makhleb.
The iron imp shouts, "Remove thy stench, thou tottering ill-nurtured hedge-pig!"
The iron imp moves out of view.
The iron imp shouts, "Take thy face hence, thou quaking dismal-dreaming hedge-pig!"
You barely miss the iron imp.
The iron imp hits you but does no damage.
You hit the iron imp.
You bite the iron imp, but do no damage.
The iron imp hits you. x2 😕 HP[-8]
You take 8 damage, and now have 33/41 hp.
You are too injured to fight recklessly!
You hit the iron imp.
You bite the iron imp, but do no damage.
The iron imp barely misses you.
You barely miss the iron imp. The iron imp closely misses you.
You hit the iron imp but do no damage. The iron imp hits you.
The iron imp closely misses you. 😮 HP[-6]
You take 6 damage, and now have 27/41 hp.
You barely miss the iron imp.
You bite the iron imp, but do no damage.
The iron imp completely misses you. 😮 HP[+1] Unknown command.
You hit the iron imp but do no damage. Your punch misses the iron imp.
The iron imp closely misses you.
You barely miss the iron imp. You bite the iron imp.
The iron imp barely misses you. The iron imp hits you! 😮 HP[-7]
You take 7 damage, and now have 21/41 hp.
You hit the iron imp but do no damage. The iron imp closely misses you.
It was a potion of heal wounds.
You feel much better. The iron imp hits you.
The iron imp closely misses you. 😕 HP[+18]
You regained 18 hp, and now have 39/41 hp.
You hit the iron imp. The iron imp barely misses you.
You barely miss the iron imp. The iron imp hits you!
The iron imp hits you. 😮 HP[-15]
You take 15 damage, and now have 24/41 hp.
MASSIVE DAMAGE!! (PAUSE) Unknown command.
You hit the iron imp but do no damage.
You bite the iron imp, but do no damage.
The iron imp barely misses you.
You hit the iron imp but do no damage. Your bite misses the iron imp.
The iron imp closely misses you. 😮 HP[+1]
You hit the iron imp. The iron imp hits you. The iron imp hits you!
* * * LOW HITPOINT WARNING * * *
😨 HP[-11]
You take 11 damage, and now have 14/41 hp.
MASSIVE DAMAGE!! (PAUSE)
Okay, then.
It was a potion of attraction.
You feel attractive to monsters. The iron imp hits you.
* * * LOW HITPOINT WARNING * * *
😱 HP[-5]
You take 5 damage, and now have 9/41 hp.
As you read the scroll labelled JUCRAEF XASHRIK, it crumbles to dust.
Your body is wracked with pain!
* * * LOW HITPOINT WARNING * * *
It was a scroll of torment.
The iron imp closely misses you. x2 😱 HP[-3]
You take 3 damage, and now have 6/41 hp.
As you read the scroll labelled VOEHI AXODYE, it crumbles to dust.
It is a scroll of identify.
i - a scroll of blinking The iron imp hits you!
You die...

Skill      XL: |  1  2  3  4 |
---------------+-------------+-----
Invocations    | 1 |  1.3
Short Blades   | 1 |  1.2
Long Blades    | 1 |  1.2
Axes           | 1 |  1.2
Maces & Flails | 1 |  1.2
Staves         | 1 |  1.2
Slings         | 1 |  1.2
Crossbows      | 1 |  1.2
Throwing       | 1 |  1.2
Stealth        | 1 |  1.2
Shields        | 1 |  1.2
Unarmed Combat | 1 |  1.2
Spellcasting   | 1 |  1.2
Evocations     | 1 |  1.2
Conjurations   | 1 |  1.0
Hexes          | 1 |  1.0
Summonings     | 1 |  1.0
Necromancy     | 1 |  1.0
Translocations | 1 |  1.0
Transmutations | 1 |  1.0
Fire Magic     | 1 |  1.0
Ice Magic      | 1 |  1.0
Air Magic      | 1 |  1.0
Earth Magic    | 1 |  1.0
Poison Magic   | 1 |  1.0
Fighting       | |  6.6
Polearms       | |  4.6
Bows           | |  2.8
Armour         | |  6.6
Dodging        | |  2.8

Action                   |  1- 3 |  4- 6 || total
-------------------------+-------+-------++-------
Melee: Spear             |    97 |    36 ||   133
       Bite              |     4 |     7 ||    11
       Punch             |       |     1 ||     1
  Use: Scroll            |       |     2 ||     2
       Potion            |       |     2 ||     2
 Stab: Sleeping          |     3 |       ||     3
Armor: Leather armour    |    16 |     3 ||    19
Dodge: Dodged            |    35 |    24 ||    59

Levels and vault maps discovered:
D:1:      wander_arrival_abandoned_jail, layout_loops_corners
D:2:      cheibrodos_helix_gallery, layout_basic
D:3:      layout_basic, demons_altar, serial_shops, shop, grunt_ministairs_4,
          dk_noncrumbling_4, nrook_mini_backslash

Notes
Turn   | Place    | Note
-------+----------+-------------------------------------------
     0 | D:1      | spaghetti the Gnoll Wanderer began the quest for the Orb.
     0 | D:1      | spaghetti set off with the following items: a +3 spear
                  | {polearm}, a +0 shortbow {bow}, a potion of haste {@q3}, a
                  | +0 leather armour.
     0 | D:1      | Reached XP level 1. HP: 23/23 MP: 1/1
     0 | D:1      | magus.rc [v1.9.6]
    87 | D:1      | You pick up a book of Lightning and begin reading...
    87 | D:1      | You add the spells Static Discharge, Lightning Bolt and
                  | Maxwell's Capacitive Coupling to your library.
   217 | D:1      | You pick up a book of the Senses and begin reading...
   217 | D:1      | You add the spells Dazzling Flash, Agony and Silence to
                  | your library.
   342 | D:1      | You pick up a book of Frost and begin reading...
   342 | D:1      | You add the spells Freeze, Frozen Ramparts and Hailstorm to
                  | your library.
   380 | D:1      | Reached XP level 2. HP: 28/29 MP: 2/2
   972 | D:2      | Reached XP level 3. HP: 35/35 MP: 3/3
  1301 | D:2      | Reached skill level 1 in Invocations
  1692 | D:2      | You pick up a book of Lightning and begin reading...
  1791 | D:2      | Reached skill level 1 in Short Blades
  1791 | D:2      | Reached skill level 1 in Long Blades
  1791 | D:2      | Reached skill level 1 in Axes
  1791 | D:2      | Reached skill level 1 in Maces & Flails
  1791 | D:2      | Reached skill level 1 in Staves
  1791 | D:2      | Reached skill level 1 in Slings
  1791 | D:2      | Reached skill level 1 in Crossbows
  1791 | D:2      | Reached skill level 1 in Throwing
  1791 | D:2      | Reached skill level 1 in Stealth
  1791 | D:2      | Reached skill level 1 in Shields
  1791 | D:2      | Reached skill level 1 in Unarmed Combat
  1791 | D:2      | Reached skill level 1 in Spellcasting
  1791 | D:2      | Reached skill level 1 in Evocations
  1799 | D:2      | Reached XP level 4. HP: 20/41 MP: 5/5
  2175 | D:3      | Found Xafatsaa's Antique Armour Emporium.
  2238 | D:3      | You pick up a book of the Hunter and begin reading...
  2238 | D:3      | You add the spells Call Canine Familiar, Portal Projectile
                  | and Leda's Liquefaction to your library.
  2305 | D:3      | Reached skill level 1 in Conjurations
  2305 | D:3      | Reached skill level 1 in Hexes
  2305 | D:3      | Reached skill level 1 in Summonings
  2305 | D:3      | Reached skill level 1 in Necromancy
  2305 | D:3      | Reached skill level 1 in Translocations
  2305 | D:3      | Reached skill level 1 in Transmutations
  2305 | D:3      | Reached skill level 1 in Fire Magic
  2305 | D:3      | Reached skill level 1 in Ice Magic
  2305 | D:3      | Reached skill level 1 in Air Magic
  2305 | D:3      | Reached skill level 1 in Earth Magic
  2305 | D:3      | Reached skill level 1 in Poison Magic
  2382 | D:3      | Found a burning altar of Makhleb.
  2406 | D:3      | HP: 9/41 [iron imp (5)]
  2408 | D:3      | Slain by an iron imp

Vanquished Creatures
  4 gnolls
  An adder (D:2)
  A worm (D:2)
  A dart slug (D:2)
  2 ball pythons (D:1)
  3 endoplasms
  3 giant cockroaches
  5 goblins
  6 hobgoblins
  3 jackals (D:1)
  2 bats
  2 frilled lizards (D:1)
  2 kobolds
  2 rats (D:2)
37 creatures vanquished.

Table legend:
 A = Non-vault XP
 B = Vault XP
 C = Vault XP percentage of total XP
 D = Non-vault monster count
 E = Vault monster count
 F = Vault count percentage of total count
                 A         B        C        D         E       F
            +---------+---------+-------+---------+---------+-------
      Total |      56 |      75 |  57.3 |      30 |       7 |  18.9
            +---------+---------+-------+---------+---------+-------
        D:1 |      28 |       0 |   0.0 |      16 |       0 |   0.0
        D:2 |      20 |      47 |  70.1 |      10 |       5 |  33.3
        D:3 |       8 |      28 |  77.8 |       4 |       2 |  33.3
            +---------+---------+-------+---------+---------+-------

Illustrated notes

Table legend:
 A = Kills in this place as a percentage of kills in entire the game.
 B = Kills by you in this place as a percentage of kills by you in the entire game.
 C = Kills by friends in this place as a percentage of kills by friends in the entire game.
 D = Other kills in this place as a percentage of other kills in the entire game.
 E = Experience gained in this place as a percentage of experience gained in the entire game.
 F = Experience gained in this place divided by the number of levels of this place that you have seen.
                   A       B       C       D       E      F
               +-------+-------+-------+-------+-------+----------------------
         Total | 100.0 | 100.0 |   N/A |   N/A | 100.0 |  43.7
       Dungeon | 100.0 | 100.0 |   N/A |   N/A | 100.0 |  43.7
               +-------+-------+-------+-------+-------+----------------------

Table legend: (Time is in decaauts)
 A = Elapsed time spent in this place.
 B = Non-inter-level travel time spent in this place.
 C = Inter-level travel time spent in this place.
 D = Time resting spent in this place.
 E = Time spent auto-exploring this place.
 F = Levels seen in this place.
 G = Mean time per level.
                   A        B        C        D        E       F      G
               +--------+--------+--------+--------+--------+-----+--------+
         Total |   2392 |   2343 |     49 |    156 |   1928 |   3 |  797.3 |
       Dungeon |   2392 |   2343 |     49 |    156 |   1928 |   3 |  797.3 |
               +--------+--------+--------+--------+--------+-----+--------+

Top non-repeatable levels by time:
     D:2: 989 daAuts
     D:1: 950 daAuts
     D:3: 452 daAuts
